[Event "Late-Titled-Tuesday-Blitz-October-17-2023"]
[Site "Chess.com"]
[Date "2023.10.17"]
[Round "5"]
[White "dadice10"]
[Black "Artem_Koval"]
[Result "0-1"]
[WhiteElo "2217"]
[BlackElo "2426"]
[TimeControl "180+1"]
[EndTime "14:55:17 PDT"]
[Termination "Artem_Koval won on time"]

1. e4 c5 2. Nc3 Nc6 3. Bb5 g6 4.
Bxc6 bxc6 5. f4 Bg7 6. Nf3 d6 7. O-O Nf6 8. d3 O-O 9. Qe1 Nd7 10. f5 e6 11. fxe6 fxe6 12. Bg5 Qb6 13. Rb1 Rf7 14. Na4 Qb4 15. b3 Qxe1 16. Rfxe1 Nb6 17. Nxb6 axb6 18. a4 Bc3 19. Rf1 e5 20. Bd2 Bxd2 21. Nxd2 b5 22. axb5 cxb5 23. Ra1 Rxf1+ 24. Rxf1 Ra2 25. Rc1 Be6 26.
Kf1 Kf7 27. Ke2 g5 28. Ke3 Kg6 29. c3 Rb2 30. d4 Bxb3 31. dxe5 dxe5 32. Ra1 Ba4 33.
c4 Rb4 34. cxb5 Bxb5 35. Nf3 Rb3+ 36. Kf2 Kf6 37. Ra7 h5 38. Rh7 c4 39. Rh6+ Ke7 40. Nxe5 c3 41. Nc6+ Kd7 0-1

[Event "Late-Titled-Tuesday-Blitz-October-17-2023"]
[Site "Chess.com"]
[Date "2023.10.17"]
[Round "5"]
[White "NateSolon"]
[Black "Hambardzumyan_Yuri"]
[Result "1/2-1/2"]
[WhiteElo "2617"]
[BlackElo "2480"]
[TimeControl "180+1"]
[EndTime "14:55:18 PDT"]
[Termination "Game drawn by repetition"]

1. d4 Nf6 2. Bf4 d5 3. e3 c5 4. Nf3 Nc6 5. Nbd2 Bg4 6. h3 Bxf3 7. Nxf3 e6 8. Be2 Bd6 9. dxc5 Bxf4 10. exf4 Qa5+ 11.
c3 Qxc5 12. O-O O-O 13. Bd3 a6 14. Re1 b5 15. Qe2 Rfe8 16. Rad1 Rac8 17. a3 g6 18. g3 Nd7 19. h4 e5 20. fxe5 Ndxe5 21. Nxe5 Rxe5 22. Qf3 Rce8 23. Rxe5 Nxe5 24. Qf4 Qc6 25. Bf1 Nc4 26. b3 Nxa3 27. Qc1 b4 28. cxb4 Qxc1 29.
Rxc1 Rb8 30. Bg2 d4 31. Ra1 Nc2 32. Rxa6 Rxb4 33. Rd6 Rxb3 34. Be4 Rb1+ 35. Kh2 Rb2 36. Kg1 Kg7 37. Bxc2 Rxc2 38. Rxd4 h5 39. Kg2 Rc6 40.
Rd5 Rf6 41. Ra5 Re6 42. Rb5 Rf6 43. f3 Re6 44. g4 hxg4 45. fxg4 Re4 46. Kf3 Rc4 47. Rb3 Rc1 48. Rb7 Rc3+ 49. Kf4 Rc4+ 50. Kg3 Rc3+ 51. Kg2 Rc2+ 52. Kf3 Rc3+ 53. Kg2 Rc2+ 54.
Kf3 Rc3+ 1/2-1/2

[Event "Late-Titled-Tuesday-Blitz-October-17-2023"]
[Site "Chess.com"]
[Date "2023.10.17"]
[Round "5"]
[White "Makswolf200817"]
[Black "Alexander_Donchenko"]
[Result "0-1"]
[WhiteElo "2675"]
[BlackElo "2879"]
[TimeControl "180+1"]
[EndTime "14:55:19 PDT"]
[Termination "Alexander_Donchenko won on time"]

1. d4 Nf6 2. c4 e6 3. g3 c5 4. d5 exd5 5. cxd5 d6 6. Nc3 g6 7. Bg2 Bg7 8. Nf3 O-O 9. O-O Re8 10. Bf4 Bf5 11. Nh4 Bg4 12. Qd2 Na6 13. Rfe1 Nc7 14.
a4 Nh5 15. Bg5 Bf6 16. Bxf6 Qxf6 17. Nf3 a6 18. h3 Bxf3 19. Bxf3 Ng7 20. a5 Nb5 21. Bg2 Nf5 22. e3 h5 23. Na4 Re7 24. Nb6 Rae8 25. Ra4 h4 26. g4 Nfd4 27. Qd1 Qg5 28.
Rf1 Rxe3 29. fxe3 Qxe3+ 30. Rf2 Ne2+ 31. Qxe2 Qxe2 32. Rxe2 Rxe2 33. b3 Rb2 34. Re4 Rxb3 35. Re7 Nd4 36. Nc4 Kf8 37. Rc7 Ne2+ 38. Kf2 Nf4 39. Bf1 Nxd5 40. Rd7 Nf6 41. Rc7 Ne4+ 42. Ke2 Rc3 43. Nb6 Ng3+ 44. Kf2 Rc2+ 45. Kg1 Rc1 46. Rxb7 Rxf1+ 47. Kg2 Ra1 48. Nc4 Ne4 49. Kf3 d5 50. Ne5 Ke8 51. Rxf7 Rf1+ 0-1

[Event "Late-Titled-Tuesday-Blitz-October-17-2023"]
[Site "Chess.com"]
[Date "2023.10.17"]
[Round "5"]
[White "h4parah5"]
[Black "Russian_berezka"]
[Result "1-0"]
[WhiteElo "2933"]
[BlackElo "2695"]
[TimeControl "180+1"]
[EndTime "14:55:20 PDT"]
[Termination "h4parah5 won on time"]

1. d4 g6 2. c4 Bg7 3. Nc3 c6 4.
e4 d6 5. f4 e5 6. dxe5 dxe5 7.
Qxd8+ Kxd8 8. Nf3 Nd7 9. Be2 Ne7 10. O-O b6 11. fxe5 Nxe5 12. Bg5 Be6 13. Rad1+ Ke8 14. c5 b5 15. Rd6 Nxf3+ 16. gxf3 Be5 17. Bxe7 Kxe7 18.
Rxc6 Rhc8 19. Bxb5 Bxc3 20. bxc3 Rxc6 21. Bxc6 Rc8 22.
Bd5 Rxc5 23. c4 Bxd5 24. cxd5 Rc2 25. Rf2 Rc1+ 26. Kg2 Kd6 27. Rb2 a5 28. Kg3 f6 29.
Rb6+ Ke7 30. Rb7+ Kd6 31. Rb6+ Ke7 32. Re6+ Kf7 33. Ra6 Rc5 34. Ra7+ Kf8 35. h4 h5 36.
Kf4 Rb5 37. a4 Rc5 38. d6 Ke8 39. Rg7 Rc4 40. Rxg6 Kf7 41. Rh6 Rxa4 42. Kf5 1-0

[Event "Late-Titled-Tuesday-Blitz-October-17-2023"]
[Site "Chess.com"]
[Date "2023.10.17"]
[Round "5"]
[White "santosalberto1987"]
[Black "filipluczak05"]
[Result "0-1"]
[WhiteElo "2415"]
[BlackElo "2611"]
[TimeControl "180+1"]
[EndTime "14:55:20 PDT"]
[Termination "filipluczak05 won by resignation"]

1. e4 g6 2. d4 Bg7 3. Nc3 c5 4. Nf3 Nc6 5. d5 Nd4 6. Be3 Qb6 7. Rb1 Nxf3+ 8. gxf3 d6 9. Bb5+ Kf8 10. O-O a6 11.
Be2 Bh3 12. Re1 Qa5 13. Qd2 Nf6 14. f4 Ng4 15. f5 gxf5 16. exf5 Nxe3 17. Qxe3 Bxf5 18.
Bd3 Bxd3 19. Qxe7+ Kg8 20. cxd3 Qb4 21. Re4 Qb6 22. Kh1 Qd8 23. Rbe1 Qxe7 24. Rxe7 Be5 25. Rxb7 Kg7 26. Ne4 Rhb8 27. Rxb8 Rxb8 28. b3 Rb4 29. Kg2 Rd4 30. Rd1 Rxd5 31. Kf3 Rd4 32. h3 f5 33. Ng3 Kf6 34. Ke2 Rh4 35. Rh1 Ke6 36.
Nf1 a5 37. Ne3 a4 38. Nc4 axb3 39.
axb3 d5 40. Nxe5 Kxe5 41. Ke3 d4+ 42. Kf3 Rh6 43. Re1+ Kd5 44. Kf4 Rxh3 45. Kxf5 Rf3+ 46. Kg4 Rxd3 47. Re7 Rxb3 48. f4 Rb1 49. Rxh7 d3 50. Rd7+ Kc4 51. f5 Kc3 52. f6 Rf1 53. Kg5 d2 54. Kg6 c4 55. f7 Kc2 0-1

[Event "Late-Titled-Tuesday-Blitz-October-17-2023"]
[Site "Chess.com"]
[Date "2023.10.17"]
[Round "5"]
[White "Vigg-Sama"]
[Black "Qvalda"]
[Result "0-1"]
[WhiteElo "2194"]
[BlackElo "2396"]
[TimeControl "180+1"]
[EndTime "14:55:23 PDT"]
[Termination "Qvalda won by resignation"]

1. e4 e6 2. d4 d5 3. Nc3 Be7 4. h3 dxe4 5. Nxe4 Nf6 6. Nxf6+ Bxf6 7. c3 c5 8. dxc5 Qxd1+ 9. Kxd1 Ke7 10. Ne2 Rd8+ 11.
Kc2 Na6 12. Be3 b6 13. cxb6 axb6 14. Bxb6 Rd6 15. Bd4 e5 16. Be3 Bf5+ 17. Kc1 Rc8 18.
g4 Be4 19. Rg1 Nb4 20. Ng3 Nd3+ 21. Bxd3 Bxd3 22. g5 g6 23. gxf6+ Kxf6 24. Rd1 Ke6 25. Bd2 f5 26. Nf1 f4 27. Re1 Kf6 28. a4 g5 29. a5 Bf5 30. a6 Ra8 31. a7 Rd7 32. Ra5 Rdxa7 33. Rxa7 Rxa7 34. b4 Bxh3 35. c4 Bxf1 36.
Bc3 Bxc4 37. Rxe5 Kg6 38. Rc5 Be2 39. b5 Rb7 40. Rc6+ Kf5 41. b6 h5 42. Bd4 Bf3 43.
Rc7 Rb8 44. Rg7 h4 45. Kc2 h3 46. Rh7 g4 47. Kd3 Bg2 48. Rh5+ Kg6 49. Rh4 Kg5 50. Rh7 g3 51. fxg3 fxg3 52. Rg7+ Kh6 53. Rxg3 h2 54.
Rxg2 h1=Q 55. Re2 Qd1+ 56. Rd2 Qf3+ 57. Be3+ Kg6 58. Rf2 Qd5+ 59. Ke2 Qc4+ 60. Kf3 Rf8+ 61. Kg3 Rxf2 62. Kxf2 Qd5 63. Ke2 Kf5 64. Kf2 Ke4 65. Ke2 Qa2+ 66. Bd2 Qb2 0-1

[Event "Late-Titled-Tuesday-Blitz-October-17-2023"]
[Site "Chess.com"]
[Date "2023.10.17"]
[Round "5"]
[White "AryanTari"]
[Black "VincentKeymer"]
[Result "1-0"]
[WhiteElo "2960"]
[BlackElo "3084"]
[TimeControl "180+1"]
[EndTime "14:55:24 PDT"]
[Termination "AryanTari won by resignation"]

1. e4 e5 2. Nf3 Nc6 3. d4 exd4 4. Nxd4 Nf6 5. Nxc6 bxc6 6. Nd2 Bc5 7. Nb3 Nxe4 8.
Nxc5 Nxc5 9. Be3 Qe7 10. Qh5 d5 11. O-O-O O-O 12. Bd4 Ne6 13. Re1 Qg5+ 14. Qxg5 Nxg5 15. Bd3 Ne6 16. Be5 f6 17. Bg3 g6 18. h4 Bd7 19. h5 Kg7 20. hxg6 hxg6 21. Bxc7 Rh8 22. Bd6 Rxh1 23. Rxh1 Re8 24. Kd2 Ng5 25. f3 Nf7 26.
Bc5 Ne5 27. Bxa7 Ra8 28. Bc5 Rxa2 29. Ba3 c5 30. c3 Nxd3 31. Kxd3 Bf5+ 32. Ke3 g5 33.
Rd1 Be6 34. Rd2 d4+ 35. cxd4 cxd4+ 36. Kxd4 Ra1 37. Bc5 Kf7 38. b4 Rc1 39. Rb2 Rd1+ 40. Ke3 Rd5 41. Rb1 Bd7 42. Ra1 f5 43. f4 gxf4+ 44.
Kxf4 Rd2 45. g3 Rd3 46. Ra6 Be6 47. b5 Rc3 48. Rc6 Rc4+ 49. Ke5 Re4+ 50. Kd6 Re2 51.
Rc7+ Kf6 52. Bd4+ Kg6 53. Re7 Bc4 54. Rxe2 Bxe2 55. b6 Bf3 56. Kc7 Kg5 57. Be3+ Kg4 58. Bf4 1-0

[Event "Late-Titled-Tuesday-Blitz-October-17-2023"]
[Site "Chess.com"]
[Date "2023.10.17"]
[Round "5"]
[White "Zhigalko_Sergei"]
[Black "cassoulet"]
[Result "1/2-1/2"]
[WhiteElo "2956"]
[BlackElo "2800"]
[TimeControl "180+1"]
[EndTime "14:55:24 PDT"]
[Termination "Game drawn by repetition"]

1. e4 c5 2. Nf3 e6 3. c3 d5 4. e5 Qb6 5. d4 Bd7 6. Be2 Bb5 7.
Bxb5+ Qxb5 8. a4 Qa6 9. dxc5 Bxc5 10. b4 Be7 11. Na3 Qc6 12. O-O a6 13. Bd2 Nd7 14. Re1 Nh6 15. Nd4 Qc7 16. Bxh6 gxh6 17. Qh5 O-O 18. Re3 Kh8 19. Rae1 Bg5 20. h4 Bxe3 21. Rxe3 Rae8 22. Qxh6 Rg8 23. Nf3 Rg6 24. Qh5 Reg8 25. Ng5 R8g7 26. Nc2 Kg8 27. Nd4 h6 28. f4 hxg5 29.
hxg5 Rh7 30. Qe2 Qc4 31. Qe1 a5 32. bxa5 Nc5 33. f5 Rxg5 34. Rg3 Rhg7 35. Rxg5 Rxg5 36. Qh4 Ne4 37. fxe6 Qxc3 38. exf7+ Kxf7 39. Qh7+ Rg7 40. Qf5+ Kg8 41. Qe6+ Kh7 42. Qf5+ Rg6 43. Qh5+ Rh6 44. Qf7+ Kh8 45. Qf8+ Kh7 46. Qf7+ Kh8 47. Qf8+ Kh7 48.
Qf7+ 1/2-1/2

[Event "Late-Titled-Tuesday-Blitz-October-17-2023"]
[Site "Chess.com"]
[Date "2023.10.17"]
[Round "5"]
[White "Goryachkina"]
[Black "Perecke"]
[Result "1-0"]
[WhiteElo "2646"]
[BlackElo "2519"]
[TimeControl "180+1"]
[EndTime "14:55:28 PDT"]
[Termination "Goryachkina won by checkmate"]

1. e4 c5 2. Nf3 e6 3. d4 cxd4 4. Nxd4 Nc6 5. Nc3 Qc7 6. g3 a6 7. Bg2 Nf6 8. O-O Bc5 9. Nb3 Be7 10. Bf4 d6 11. Qe2 O-O 12. h3 Ne5 13. Rad1 b5 14. g4 Bb7 15. g5 Nfd7 16. h4 Nc4 17. Bc1 b4 18. Nb1 a5 19. f4 a4 20. Nd4 Ba6 21. Qg4 a3 22. bxa3 Nxa3 23. Nxa3 Bxf1 24. Rxf1 bxa3 25. f5 Qc3 26. Nf3 exf5 27. exf5 d5 28. f6 Bc5+ 29. Kh1 Qc4 30. Qxd7 Qxa2 31. fxg7 Rfd8 32.
Qf5 Qc4 33. h5 a2 34. g6 hxg6 35. hxg6 Ra7 36. Ng5 Qh4+ 37. Bh3 fxg6 38. Qe6+ Kxg7 39. Rf7+ Kh6 40. Nf3+ Kh5 41. Nxh4 a1=Q 42. Qg4# 1-0

[Event "Late-Titled-Tuesday-Blitz-October-17-2023"]
[Site "Chess.com"]
[Date "2023.10.17"]
[Round "5"]
[White "ferdipy"]
[Black "sjoerd893"]
[Result "0-1"]
[WhiteElo "2371"]
[BlackElo "2534"]
[TimeControl "180+1"]
[EndTime "14:55:30 PDT"]
[Termination "sjoerd893 won by resignation"]

1. e4 c5 2. d4 cxd4 3. c3 dxc3 4. Nxc3 e6 5. Bc4 a6 6. Nf3 Nc6 7. Bb3 Nge7 8. Qe2 Ng6 9. O-O Be7 10. Rd1 O-O 11. Be3 d6 12. Rac1 Bd7 13. h4 Rc8 14. h5 Nge5 15. Nd4 Nxd4 16. Bxd4 Bg5 17. Rc2 Nc6 18.
Be3 Bxe3 19. Qxe3 Qe7 20. Rcd2 Na5 21. Rxd6 Bc6 22. h6 g6 23. Qd4 e5 24. Qb6 Nxb3 25.
Qxb3 Qg5 26. Nd5 Bxd5 27. Qxd5 Qxh6 28. Qxe5 Rce8 29. Qf6 Rxe4 30. Rd7 Re6 31. Qf3 b5 32. g3 Qg5 33. Kg2 Qf6 34. Qb7 Qxb2 35. Rxf7 Rxf7 36.
Qc8+ Kg7 37. Qxe6 Rxf2+ 38. Kh3 Rh2+ 39. Kg4 Qe2+ 40. Qxe2 Rxe2 41. a3 Re3 42. Ra1 Re4+ 43. Kf3 Ra4 44. Rd1 Rxa3+ 45. Kf4 b4 46. Rd7+ Kh6 47.
Rb7 a5 48. g4 g5+ 49. Kf5 Rf3+ 50. Ke5 Rf4 51. Rb6+ Kg7 52. Rb7+ Rf7 53. Rb5 Ra7 54. Kf5 a4 55. Rxb4 a3 56. Rb1 a2 57. Ra1 h6 58. Ke4 Kg6 59. Kd3 Kf6 60. Kc2 Ke5 61. Kb2 Kf4 62. Rf1+ Kxg4 0-1

[Event "Late-Titled-Tuesday-Blitz-October-17-2023"]
[Site "Chess.com"]
[Date "2023.10.17"]
[Round "5"]
[White "imdvb6307"]
[Black "acertijo08"]
[Result "1/2-1/2"]
[WhiteElo "2493"]
[BlackElo "2345"]
[TimeControl "180+1"]
[EndTime "14:55:30 PDT"]
[Termination "Game drawn by repetition"]

1. d4 d5 2. Nf3 e6 3. e3 c5 4. c3 Nf6 5. Bd3 Nc6 6. Nbd2 Bd6 7.
O-O O-O 8. dxc5 Bxc5 9. e4 dxe4 10. Nxe4 Nxe4 11. Bxe4 Qxd1 12. Rxd1 Rd8 13. Rxd8+ Nxd8 14.
Bf4 f6 15. Rd1 Be7 16. Bc7 Nf7 17. Nd4 g6 18. f4 g5 19. g3 gxf4 20. gxf4 e5 21.
fxe5 fxe5 22. Nf3 a5 23. Nxe5 Nxe5 24. Bxe5 Be6 25. Bd5 Bxd5 26. Rxd5 a4 27. Rd7 Bc5+ 28. Kg2 Re8 29. Rd5 b6 30. Kf3 Kf7 31. Bd4 Bxd4 32.
Rxd4 a3 33. Rf4+ Kg6 34. bxa3 Rc8 35. c4 Ra8 36. Rg4+ Kf6 37. Rg2 Rxa3+ 38. Ke4 Ke6 39.
Kd4 Kd6 40. Rb2 Kc6 41. Rf2 Ra4 42. Kc3 Ra3+ 43. Kb4 Rh3 44. a4 Rh5 45. Rd2 Rh4 46.
Rb2 Rh5 47. Kc3 Rh3+ 48. Kd4 Rh4+ 49. Kc3 Rh3+ 50. Kb4 Rh4 51. Rf2 Rh5 52. Rf6+ Kc7 53. Rf2 Kc6 1/2-1/2

[Event "Late-Titled-Tuesday-Blitz-October-17-2023"]
[Site "Chess.com"]
[Date "2023.10.17"]
[Round "5"]
[White "Mariia89"]
[Black "egnfanclub"]
[Result "1-0"]
[WhiteElo "2114"]
[BlackElo "2356"]
[TimeControl "180+1"]
[EndTime "14:55:31 PDT"]
[Termination "Mariia89 won by resignation"]

1. d4 d5 2. c4 c6 3. e3 Nf6 4. Nc3 e6 5. Bd3 dxc4 6. Bxc4 b5 7.
Bd3 Nbd7 8. e4 a6 9. Bg5 h6 10. Bh4 g5 11. Bg3 b4 12. Na4 Bb7 13. Rc1 c5 14. dxc5 Bxe4 15. Bxe4 Nxe4 16. c6 Ndc5 17.
Nxc5 Nxc5 18. Qxd8+ Rxd8 19. Ke2 Ne4 20. Rc2 Bd6 21. Nf3 Nxg3+ 22. hxg3 Ke7 23. c7 Rc8 24. Rc6 a5 25. Nxg5 Bxc7 26. Ne4 Be5 27. Rhc1 Rxc6 28. Rxc6 Bxb2 29. Rc7+ Kd8 30. Ra7 f5 31. Nd6 Rg8 32.
Nf7+ Kc8 33. Ra8+ Kd7 34. Rxg8 a4 35. Nxh6 b3 36. axb3 a3 37. Ra8 Kc6 38. g4 fxg4 39.
Nxg4 Kd5 40. Ne3+ Kd4 41. Nc2+ Kc3 42. Nxa3 Kxb3 43. Nb5 Kc4 44. Nc7 e5 45. g4 1-0

[Event "Late-Titled-Tuesday-Blitz-October-17-2023"]
[Site "Chess.com"]
[Date "2023.10.17"]
[Round "5"]
[White "scandalgod"]
[Black "Rodalquilar"]
[Result "0-1"]
[WhiteElo "2492"]
[BlackElo "2770"]
[TimeControl "180+1"]
[EndTime "14:55:34 PDT"]
[Termination "Rodalquilar won by resignation"]

1. d4 d5 2. c4 e6 3. Nf3 Nf6 4. g3 Be7 5. Bg2 O-O 6. O-O dxc4 7. Ne5 Qd6 8. Nxc4 Qa6 9. Qc2 Rd8 10. Rd1 Nc6 11.
Be3 Nd5 12. Nba3 b5 13. Nd2 Ncb4 14. Qb3 Bb7 15. Ne4 Nxe3 16. Qxe3 Bd5 17. Nc5 Qc6 18. Bxd5 Rxd5 19. Ne4 Rad8 20. Nc3 Rh5 21. Rac1 Qb7 22. Qe4 Nd5 23. Nxd5 Rhxd5 24. e3 c5 25. Nc2 c4 26.
Qf3 a5 27. Kg2 h5 28. h4 R8d7 29. e4 R5d6 30. Re1 g6 31. Rcd1 b4 32. d5 exd5 33.
e5 Rb6 34. Nd4 Rd8 35. e6 f6 36. Qf4 Kg7 37. Nf3 Qb8 38. Qe3 d4 39. Rxd4 Rxd4 40. Qxd4 Qc7 41. Qd7 Rb7 42. Rd1 c3 43. bxc3 bxc3 44.
Qd3 c2 45. Rc1 Rb2 46. Nd4 Qb7+ 47. Kh2 Rb1 48. Qxc2 Rb2 49. Qd3 Rxf2+ 0-1

[Event "Late-Titled-Tuesday-Blitz-October-17-2023"]
[Site "Chess.com"]
[Date "2023.10.17"]
[Round "5"]
[White "nitpicker"]
[Black "icy"]
[Result "0-1"]
[WhiteElo "2236"]
[BlackElo "2409"]
[TimeControl "180+1"]
[EndTime "14:55:35 PDT"]
[Termination "icy won on time"]

1. d4 Nf6 2. c4 e6 3. g3 Be7 4. Bg2 d5 5. Nf3 O-O 6. O-O dxc4 7. Ne5 a6 8. a4 Nbd7 9. Nxc4 Rb8 10.
Nc3 b6 11. e4 Bb7 12. Qe2 c5 13. d5 exd5 14. exd5 Re8 15. Rd1 Bd6 16. Qc2 Ne5 17.
Nxd6 Qxd6 18. h3 Rbd8 19. b3 Ng6 20. Ba3 Ne7 21. Rd2 Rd7 22. Rad1 Red8 23. Qd3 Ng6 24. f4 Re8 25. Qc4 Rc8 26. Ne4 Nxe4 27. Bxe4 Ne7 28. Rc1 Rdc7 29. Rcd1 Re8 30. Bb2 Ng6 31. Bf3 Rce7 32. h4 Nf8 33. h5 Nd7 34. Kf2 Nf6 35. Qc3 h6 36. Qd3 Ne4+ 37. Bxe4 Rxe4 38. Bc3 b5 39.
Be5 R8xe5 40. fxe5 Qxe5 41. Re2 Qf5+ 42. Kg1 Bxd5 43.
Rxe4 Bxe4 44. Qe3 Bc2 45. Rf1 Qxh5 46. Qe8+ Kh7 47. Qxf7 Qe2 48. Qf3 Qe5 0-1

[Event "Late-Titled-Tuesday-Blitz-October-17-2023"]
[Site "Chess.com"]
[Date "2023.10.17"]
[Round "5"]
[White "MikaelyanArman"]
[Black "DryCounty"]
[Result "1-0"]
[WhiteElo "2890"]
[BlackElo "2659"]
[TimeControl "180+1"]
[EndTime "14:55:38 PDT"]
[Termination "MikaelyanArman won by resignation"]

1. d4 Nf6 2. c4 g6 3. Nc3 Bg7 4. e4 O-O 5. f4 d6 6. Nf3 a6 7.
e5 Ne8 8. Be3 Bg4 9. h3 Bxf3 10.
Qxf3 c5 11. dxc5 Nc6 12. O-O-O Qa5 13. cxd6 exd6 14. Kb1 dxe5 15. f5 e4 16. Nxe4 Qe5 17. Nc3 Qa5 18. Nd5 Nb4 19. a3 Nxd5 20. Rxd5 Qc7 21.
Bc5 Nf6 22. Bxf8 Rxf8 23. Rd1 Qb6 24. c5 Qxc5 25. Bd3 Qb6 26. Rd2 Nd7 27. fxg6 hxg6 28. Rc1 Bh6 29. Rdc2 Bxc1 30. Rxc1 Ne5 31. Qe4 Nxd3 32.
Qxd3 Rd8 33. Qc3 Qd4 34. Qxd4 Rxd4 35. Rc7 b5 36. Rc6 Rd2 37. Rxa6 Rxg2 38. Rb6 Rg5 39. Kc2 Rh5 40. Kb3 Rxh3+ 41. Kb4 Rh2 42. b3 g5 43. Rxb5 f6 44. a4 g4 45. Rf5 Kf7 46. a5 Kg6 47.
Rf1 Ra2 48. Kb5 f5 49. b4 g3 50. Ka6 Kg5 51. b5 f4 52. b6 g2 53. Rb1 f3 54. b7 Rb2 55. Rxb2 g1=Q 56. b8=Q Qf1+ 57. Qb5+ 1-0

[Event "Late-Titled-Tuesday-Blitz-October-17-2023"]
[Site "Chess.com"]
[Date "2023.10.17"]
[Round "5"]
[White "lluiss"]
[Black "Chesstrainer1"]
[Result "0-1"]
[WhiteElo "2185"]
[BlackElo "2502"]
[TimeControl "180+1"]
[EndTime "14:55:40 PDT"]
[Termination "Chesstrainer1 won on time"]

1. Nf3 Nf6 2. d4 e6 3. g3 b5 4. Bg2 Bb7 5. O-O c5 6. a4 b4 7. c3 Na6 8. Re1 cxd4 9. cxd4 Be7 10. Nbd2 O-O 11. e4 Rc8 12. e5 Nd5 13. Nb3 Qc7 14. Bg5 Qc2 15. Re2 Qxd1+ 16. Rxd1 f6 17. exf6 gxf6 18.
Bh6 Rfe8 19. Rdd2 Bc6 20. Na5 Bxa4 21. b3 Bb5 22. Re1 Nb6 23. Ra1 Nc7 24. Bf1 Bxf1 25.
Kxf1 Ncd5 26. Nc4 Nxc4 27. bxc4 Rxc4 28. Rxa7 Rc7 29. Rxc7 Nxc7 30. Rb2 Nd5 31. Ke2 Ra8 32. Bd2 Bd6 33. Ne1 Kf7 34. Nc2 Ra4 35. Ne3 Nb6 36.
Kd3 f5 37. Nc4 Nxc4 38. Kxc4 b3+ 39. Kd3 Ra3 40. Kc3 Ra1 41. Rxb3 Rf1 42. Be3 f4 43. gxf4 Kf6 44. Rb6 Ke7 45. d5 exd5 46. Rb5 Ke6 47. Kd3 Be7 48. Ke2 Rh1 49. f5+ Ke5 50.
Bd2 Ke4 51. f3+ Kd4 52. Be3+ Kc4 0-1

[Event "Late-Titled-Tuesday-Blitz-October-17-2023"]
[Site "Chess.com"]
[Date "2023.10.17"]
[Round "5"]
[White "SEBAZZANO"]
[Black "Mikhal867"]
[Result "1/2-1/2"]
[WhiteElo "2276"]
[BlackElo "2432"]
[TimeControl "180+1"]
[EndTime "14:55:40 PDT"]
[Termination "Game drawn by stalemate"]

1. d4 Nf6 2. Bf4 c5 3. e3 g6 4. Nf3 Bg7 5. c3 O-O 6. h3 b6 7. Nbd2 Bb7 8. Be2 d6 9. O-O Nc6 10. Re1 Re8 11. Rc1 e5 12. dxe5 dxe5 13. Bh2 e4 14.
Nh4 Bc8 15. Nc4 g5 16. Qa4 Ne7 17. Rcd1 Bd7 18. Qa6 gxh4 19. Ne5 Qc8 20. Nxd7 Qxa6 21. Nxf6+ Bxf6 22. Bxa6 Red8 23. Bb7 Rab8 24. Bxb8 Rxb8 25.
Bxe4 b5 26. Rd6 Kg7 27. Rd7 a5 28. Rb7 Rd8 29. Rxb5 Rd2 30. Rxc5 Rxb2 31. Rxa5 Bxc3 32. Ra7 Bxe1 33. Rxe7 Bxf2+ 34. Kf1 Bg3 35. Bd5 Rf2+ 36. Kg1 Kf8 37. Rxf7+ Rxf7 38. Bxf7 Kxf7 39. a4 Ke6 40. Kf1 Kd5 41. Ke2 Ke4 42. a5 Bb8 43. a6 Ba7 44. Kf2 Bxe3+ 45. Ke2 Ba7 46. Kf1 Kd3 47. Ke1 Ke3 48.
Kf1 Kd2 49. g3 Ke3 50. Kg2 h5 51. gxh4 Kf4 52. Kh2 Kf3 53. Kh1 Kg3 1/2-1/2

[Event "Late-Titled-Tuesday-Blitz-October-17-2023"]
[Site "Chess.com"]
[Date "2023.10.17"]
[Round "5"]
[White "leoduarte"]
[Black "Vojtap"]
[Result "1-0"]
[WhiteElo "2407"]
[BlackElo "2220"]
[TimeControl "180+1"]
[EndTime "14:55:40 PDT"]
[Termination "leoduarte won on time"]

1. d4 Nf6 2. Bf4 g6 3. e3 Bg7 4. Nf3 O-O 5. h3 d6 6. Be2 Nbd7 7. O-O c5 8. c3 b6 9. Bh2 Bb7 10. Re1 Qc7 11. a4 a6 12. Bf1 Rac8 13. c4 cxd4 14.
Nxd4 Ne4 15. Nd2 Ndc5 16. N2f3 Rfd8 17. b4 Nd7 18. Qb3 Ne5 19. Rac1 Nxf3+ 20. Nxf3 Qd7 21.
Red1 Qf5 22. a5 bxa5 23. bxa5 Nc5 24. Qb1 Be4 25. Qa2 Bxf3 26. gxf3 Qxf3 27. Bg2 Qh5 28. Rb1 Rb8 29. Qc2 Qg5 30. Bf4 Qf6 31. Rb6 Qc3 32.
Qb1 Rbc8 33. Bb7 Nxb7 34. Rxb7 e5 35. Bg5 f6 36. Bh4 Qxc4 37. Bg3 d5 38. Qb6 Qc6 39. Rb1 Rd6 40. Qb4 Qc5 41. Qb3 Qxa5 42. Rxg7+ Kxg7 43.
Qb7+ Qc7 44. Qb4 Qc5 45. Qb7+ Qc7 46. Qb4 Rc6 47. Qb3 Rc1+ 48. Kh2 Rxb1 49. Qxb1 Qc2 50. Qb7+ Rc7 51. Qxd5 1-0

[Event "Late-Titled-Tuesday-Blitz-October-17-2023"]
[Site "Chess.com"]
[Date "2023.10.17"]
[Round "5"]
[White "Elbebiber"]
[Black "olawsson"]
[Result "1/2-1/2"]
[WhiteElo "2142"]
[BlackElo "2092"]
[TimeControl "180+1"]
[EndTime "14:55:40 PDT"]
[Termination "Game drawn by stalemate"]

1. d4 d6 2. Nf3 g6 3. Bf4 Bg7 4. e3 Nd7 5. Be2 e5 6. dxe5 dxe5 7. Bg5 f6 8. Bh4 Ne7 9. c3 Nf5 10. Bg3 O-O 11. O-O Qe7 12. Qc2 Nb6 13. e4 Nxg3 14. hxg3 Be6 15. Rd1 Rfd8 16. Nbd2 a5 17. Nf1 Qc5 18.
Ne3 Bh6 19. Nd5 Nxd5 20. exd5 Bxd5 21. Qa4 Be6 22. a3 b6 23. Qe4 c6 24. Rxd8+ Rxd8 25.
Rd1 Rxd1+ 26. Bxd1 Qd5 27. Qc2 f5 28. Be2 c5 29.
Ne1 e4 30. c4 Qd2 31. Qxd2 Bxd2 32. Nc2 Bc1 33. b4 Bd7 34. bxc5 bxc5 35. Bd1 Ba4 36. Kf1 Kf7 37. Ke2 Ke6 38. f3 Ke5 39. Ke1 Bb2 40. Kd2 Bxc2 41. Bxc2 Bxa3 42. Ke3 Bc1+ 43. Ke2 Kd4 44. Bb3 Kc3 45. Ba2 Kb2 46. Kd1 Be3 47.
fxe4 fxe4 48. Ke2 Bd4 49. Bb1 Kxb1 50. g4 a4 51. g5 a3 52. Kf1 a2 53. g3 a1=Q 54. Kg2 Qb2+ 55. Kh3 Qf2 56. Kg4 Qf3+ 57.
Kh4 e3 58. g4 e2 1/2-1/2

[Event "Late-Titled-Tuesday-Blitz-October-17-2023"]
[Site "Chess.com"]
[Date "2023.10.17"]
[Round "5"]
[White "frederiksvane"]
[Black "AlexPapasimakopoulos"]
[Result "1-0"]
[WhiteElo "2884"]
[BlackElo "2687"]
[TimeControl "180+1"]
[EndTime "14:55:41 PDT"]
[Termination "frederiksvane won by checkmate"]

1. d4 d5 2. Nf3 e6 3. e3 f5 4. c4 c6 5. Bd3 Nf6 6. O-O Bd6 7. b3 Qe7 8. a4 a5 9. Ba3 Na6 10.
Bxd6 Qxd6 11. Nc3 Nb4 12. Ne5 O-O 13. Ne2 Nd7 14. Nf3 Nf6 15. Nf4 Bd7 16. Ne5 Be8 17. cxd5 Nxd3 18. Qxd3 Nxd5 19. Nxd5 exd5 20. f4 Qb4 21.
Qc2 Rd8 22. Rac1 h6 23. Kh1 Rd6 24. h3 Rdf6 25. g4 fxg4 26. hxg4 Qd6 27. Qc5 Qd8 28.
Kg2 Bg6 29. f5 Bh7 30. b4 axb4 31. Qxb4 h5 32. Qxb7 hxg4 33. Rxc6 Rxc6 34. Qxc6 Rf6 35. Qd7 Qa8 36. Kg3 Qb8 37. Qxd5+ Kh8 38. e4 Bg8 39. Qb5 Qc8 40. Rh1+ Rh6 41. Rxh6+ gxh6 42. Kxg4 Qc1 43. Nf3 Qe3 44. Qe5+ Kh7 45. Qe7+ Kh8 46. Qe5+ Kh7 47. Qf4 Qf2 48. Qg3 Qe3 49. Qf4 Qf2 50. Ng5+ Kg7 51. Qxf2 Bb3 52. Qf4 Bd1+ 53. Kg3 h5 54.
Qe5+ Kh6 55. Qf6# 1-0

[Event "Late-Titled-Tuesday-Blitz-October-17-2023"]
[Site "Chess.com"]
[Date "2023.10.17"]
[Round "5"]
[White "jaskol95"]
[Black "Eloist"]
[Result "0-1"]
[WhiteElo "2574"]
[BlackElo "2443"]
[TimeControl "180+1"]
[EndTime "14:55:42 PDT"]
[Termination "Eloist won by checkmate"]

1. d4 e6 2. Nc3 Nf6 3. Bf4 d5 4. Nb5 Na6 5. e3 c6 6. Nc3 Bb4 7. Bxa6 bxa6 8. Nf3 Ne4 9. O-O Nxc3 10. bxc3 Bxc3 11. Rb1 O-O 12. Ne5 Bd7 13. Rb7 Be8 14.
Qd3 Ba5 15. Qxa6 Bb6 16. Rb1 f6 17. Nd3 Qc8 18. a4 Rf7 19. Nc5 Rxb7 20. Qxb7 e5 21. Qxc8 Rxc8 22. Bg3 exd4 23. exd4 Bg6 24. Rb2 Re8 25.
Kf1 Ba5 26. f3 Bc3 27. Rb7 Bxd4 28. Nb3 Be3 29. Bf2 Bxc2 30. Bxe3 Rxe3 31. Nd4 Bxa4 32.
Kf2 Rd3 33. Nf5 Rd2+ 34. Ke3 Rxg2 35. Nd6 h5 36. Rxa7 Bb3 37. Nf5 c5 38. Nh4 Rxh2 39.
Nf5 d4+ 40. Kf4 Rg2 41. Nh4 Rg1 42. Rd7 Be6 43. Rd6 g5+ 44. Ke4 Re1+ 45. Kd3 gxh4 46. Rd8+ Kf7 47. f4 h3 48. Rh8 Bg4 49. Rh7+ Kg6 50.
Rh8 h2 51. f5+ Kxf5 52. Re8 Rxe8 53. Kc4 h1=Q 54. Kd3 Qf1+ 55. Kc2 Qb5 56. Kd2 Re2+ 57. Kc1 Qb2+ 58. Kd1 Qc2# 0-1